 Dungeon Crawl Stone Soup version 0.7.1-16-gde135da character file.

255 jannis the Conjurer (level 5, 0/23 HPs)
             Began as a Deep Elf Wizard on Aug 16, 2010.
             Slain by a ghoul (8 damage)
             ... in the Dungeon (Sprint III: "The Ten Rune Challenge").
             The game lasted 00:01:37 (677 turns).

jannis the Conjurer (Deep Elf Wizard)                Turns: 677, Time: 00:01:37

HP   0/23        AC  2     Str  4 Exp: 5/336 (0), need: 41
MP   2/20        EV 12     Int 24      God:
Gold 20          SH  0     Dex 13      Spells:  7 memorised,  3 levels left

Res.Fire  : . . .   See Invis. : .   l - +4,+1 elf long sword (holy)
Res.Cold  : . . .   Warding    : .   a - +0 elf robe
Life Prot.: . . .   Conserve   : .   (no shield)
Res.Poison: .       Res.Corr.  : .   b - +0 elf wizard hat
Res.Elec. : .       Clarity    : .   (no cloak) Spirit.Shd: . Stasis : .
                                     (no gloves)
Sust.Abil.: . .     Rnd.Telep. : .   (no boots)
Res.Mut.  : .       Ctrl.Telep.: .   (no amulet)
Res.Rott. : .       Levitation : .   (no ring)
Saprovore : . . .   Ctrl.Flight: .   (no ring)

@: slightly resistant to hostile enchantments, fairly stealthy
A: no striking features
a: no special abilities


You were in the Dungeon.
You were not hungry.

You visited 1 branch of the dungeon, and saw 1 of its levels.

Inventory:

Hand weapons
 k - a +0,+0 hand axe (quivered)
 l - a +4,+1 elven long sword of holy wrath (weapon)
Armour
 a - a +0 elven robe (worn)
 b - a +0 elven wizard hat (worn)
Comestibles
 d - a bread ration
Scrolls
 j - a scroll of blinking
Potions
 e - a potion of healing
 f - 2 potions of heal wounds
 g - a potion of speed
 i - a potion of berserk rage
Books
 c - a book of Minor Magic [flame]

   Spells                             Type                      Level
   *Magic Dart                        Conjuration                  1
   *Summon Small Mammals              Summoning                    1
   *Throw Flame                       Conjuration/Fire             2
   *Blink                             Translocation                2
   *Slow                              Enchantment                  3
   *Mephitic Cloud                    Conjuration/Poison/Air       3
   *Conjure Flame                     Conjuration/Fire             3
   You had 0 experience left.


   Skills:
 + Level 2 Dodging
 + Level 3 Stealth
 + Level 7 Spellcasting
 + Level 11 Conjurations
 + Level 1 Translocations
 + Level 7 Fire Magic
 + Level 2 Air Magic
 + Level 4 Poison Magic


You had 3 spell levels left.
You knew the following spells:

 Your Spells              Type           Power        Success   Level
a - Magic Dart            Conj           #####        Excellent   1
b - Summon Small Mammals  Summ           ##...        Great       1
c - Throw Flame           Fire/Conj      #######      Excellent   2
d - Blink                 Tloc           N/A          Great       2
e - Conjure Flame         Fire/Conj      #######..    Excellent   3
f - Mephitic Cloud        Pois/Air/Conj  #####.....   Excellent   3
g - Slow                  Ench           ##.......    Good        3

Dungeon Overview and Level Annotations

Branches:
Dungeon (1/1)

Altars:
Elyvilon
Okawaru
The Shining One
Trog
Zin


Message History

The human is almost dead.
The human hits you with a knife!
You miss the human. The human misses you. The human hits you with a knife.
You hit the human, but do no damage.
The human is almost dead.
The ghoul hits you. The ghoul claws you!
You die...

### ### ##.#########
..## #..#___#__.#
...# #..#...#... .).#
#..###'#%###'## #..#
##..#.....@.@..# #..#
#...'.}...@n...#
..####...#...######+#
..###....#.}.#
..##.....#...#
..#%..%..#+###
##.#.....# ####....#
######


You could see a necromancer, a human and a ghoul.

Vanquished Creatures
  A deep elf priest (D)
  A water elemental (D)
  A scorpion (D)
  Jessica (D)
  An elf (D)
  2 grey rats (D)
7 creatures vanquished.

Vanquished Creatures (collateral kills)
  A human (D)
1 creature vanquished.

Vanquished Creatures (others)
  A yaktaur (D)
  A hobgoblin (D)
  A plant (D)
  2 toadstools (D)
5 creatures vanquished.

Grand Total: 13 creatures vanquished

Notes
Turn   | Place    | Note
--------------------------------------------------------------
     0 | D        | jannis, the Deep Elf Wizard, began the quest for the Orb.
     0 | D        | Reached XP level 1. HP: 6/6 MP: 7/7
     2 | D        | Learned a level 1 spell: Summon Small Mammals
    36 | D        | Reached skill 5 in Conjurations
   125 | D        | Defeated a yaktaur
   199 | D        | Noticed Jessica
   201 | D        | Defeated Jessica
   201 | D        | Reached XP level 2. HP: 10/10 MP: 7/10
   201 | D        | Reached skill 6 in Conjurations
   201 | D        | Reached skill 7 in Conjurations
   201 | D        | Reached skill 5 in Spellcasting
   205 | D        | Learned a level 2 spell: Throw Flame
   208 | D        | Learned a level 2 spell: Blink
   253 | D        | Reached skill 8 in Conjurations
   261 | D        | Reached XP level 3. HP: 8/14 MP: 10/14
   266 | D        | Learned a level 3 spell: Conjure Flame
   271 | D        | Learned a level 3 spell: Mephitic Cloud
   400 | D        | Noticed a scorpion
   406 | D        | Defeated a scorpion
   406 | D        | Reached skill 9 in Conjurations
   406 | D        | Reached skill 5 in Fire Magic
   500 | D        | Reached XP level 4. HP: 18/18 MP: 13/18
   500 | D        | Reached skill 10 in Conjurations
   505 | D        | Learned a level 3 spell: Slow
   546 | D        | Found a glowing silver altar of Zin.
   547 | D        | Found a white marble altar of Elyvilon.
   547 | D        | Found a glowing golden altar of the Shining One.
   549 | D        | Noticed a deep elf priest
   555 | D        | Defeated a deep elf priest
   555 | D        | Reached XP level 5. HP: 17/23 MP: 6/19
   645 | D        | Found an iron altar of Okawaru.
   645 | D        | Found a bloodstained altar of Trog.
   646 | D        | Reached skill 11 in Conjurations
   646 | D        | Reached skill 1 in Poison Magic
   646 | D        | Reached skill 1 in Air Magic
   677 | D        | Noticed a necromancer
   677 | D        | Slain by a ghoul
